 Dungeon Crawl Stone Soup version 0.18.1-5-g4a78601 (webtiles) character file.

140 dorian the Insei (level 5, -3/40 HPs)
             Began as a Draconian Transmuter on May 9, 2016.
             Slain by an iguana (8 damage)
             ... on level 3 of the Dungeon.
             The game lasted 00:04:54 (2928 turns).

dorian the Insei (Draconian Transmuter)             Turns: 2928, Time: 00:04:55

Health: -3/40      AC:  7    Str: 12    XL:     5   Next: 2%
Magic:  8/8        EV: 12    Int: 19    God:
Gold:   81         SH:  0    Dex: 12    Spells: 1 memorised, 7 levels left

rFire  . . .     SeeInvis .       - Unarmed
rCold  . . .     Gourm    .     (armour unavailable)
rNeg   . . .     Faith    .     (no shield)
rPois  .         Spirit   .     (helmet restricted)
rElec  .         Dismiss  .     (no cloak)
rCorr  .         Reflect  .     h - +0 pair of gloves
SustAt .         Harm     .     t - +0 pair of boots
MR     .....                    (no amulet)
Stlth  +.........               (no ring)
                                (no ring)

@: brilliant, not resistant to hostile enchantments, very unstealthy
A: unfitting armour, cold-blooded, AC +5
a: no special abilities


You were on level 3 of the Dungeon.
You were hungry.

You visited 1 branch of the dungeon, and saw 4 of its levels.

You collected 81 gold pieces.

Inventory:

Hand Weapons
 j - a +1 hunting sling of velocity
Missiles
 a - 12 arrows
Armour
 h - a +0 pair of gloves (worn)
 t - a +0 pair of boots (worn)
Scrolls
 d - 3 scrolls of identify {unknown}
 e - a scroll of random uselessness {unknown}
 g - 2 scrolls of blinking {unknown}
 k - 2 scrolls of recharging {unknown}
 n - 2 scrolls of teleportation {unknown}
 p - a scroll of amnesia {unknown}
 r - a scroll of fog {unknown}
 s - a scroll of remove curse {unknown}
Potions
 f - a potion of magic
 l - a potion of haste {unknown}
 m - a potion of lignification {unknown}
 o - a potion of brilliance
 q - a potion of might {unknown}
Books
 b - a book of Changes

   Spells                             Type                      Level
   a - Beastly Appendage              Transmutation                1
   b - Sticks to Snakes               Transmutation                2
   c - Spider Form                    Transmutation/Poison         3
   d - Ice Form                       Ice/Transmutation            4
   e - Blade Hands                    Transmutation                5
Comestibles
 c - 4 bread rations
 i - 2 meat rations
 u - a beef jerky


   Skills:
 - Level 1.1 Fighting
 - Level 1.7 Dodging
 * Level 5.0 Unarmed Combat
 - Level 2.0 Spellcasting
 + Level 3.3 Transmutations


You had 7 spell levels left.
You knew the following spells:

 Your Spells              Type           Power        Failure   Level  Hunger
a - Beastly Appendage     Trmt           ####..       1%          1    #......


Dungeon Overview and Level Annotations

Branches:
Dungeon (4/15)
 Temple: D:4-7

Altars:
Fedhas
Yredelemnul


Innate Abilities, Weirdness & Mutations

Your plain brown scales are hard (AC +5).
Your body does not fit into most forms of armour.
You are cold-blooded and may be slowed by cold attacks.


Message History

The iguana is severely wounded.
The iguana barely misses you.
You hit the iguana.
The iguana is severely wounded.
The iguana bites you!
* * * LOW HITPOINT WARNING * * *
You closely miss the iguana.
The iguana is severely wounded.
The iguana bites you.
* * * LOW HITPOINT WARNING * * *
You hit the iguana but do no damage.
The iguana is severely wounded.
The iguana barely misses you.
You barely miss the iguana.
The iguana is severely wounded.
The iguana closely misses you.
You closely miss the iguana.
Your tail-slap misses the iguana.
The iguana is severely wounded.
The iguana bites you!
You die...

######### #.......#
#.......# # #.......# #
#.......# # #..[....# ###
#####.......# #.#
#...#.......####'#####
................@....#
#.....####'####..l...#
#.....# #.# #......#
####### #.# #......###### #
#.# #...........# ######
#.# #...........# .....#
#.# ##.##.......# ####.#
##.#####.##.......#
####.####......#.##.......#


You could see an iguana.

Vanquished Creatures
  A slave (D:3)
  An orc priest (D:3)
  A gnoll (D:1)
  3 adders
  An ooze (D:1)
  A dart slug (D:2)
  A giant gecko (D:1)
  8 orcs (D:3)
  A ball python (D:3)
  7 bats
  2 giant cockroaches (D:2)
  6 hobgoblins
  3 jackals (D:1)
  A quokka (D:3)
  4 giant newts
  7 goblins
  7 kobolds
  3 rats
58 creatures vanquished.

Notes
Turn   | Place    | Note
--------------------------------------------------------------
     0 | D:1      | dorian the Draconian Transmuter began the quest for the Orb.
     0 | D:1      | Reached XP level 1. HP: 16/16 MP: 3/3
   411 | D:1      | Reached XP level 2. HP: 13/23 MP: 5/5
   679 | D:1      | You fall through a shaft!
  1132 | D:1      | Reached skill level 4 in Unarmed Combat
  1132 | D:1      | Reached XP level 3. HP: 27/28 MP: 4/6
  1851 | D:3      | Reached XP level 4. HP: 35/35 MP: 7/7
  2246 | D:3      | Reached skill level 5 in Unarmed Combat
  2299 | D:3      | Found a basalt altar of Yredelemnul.
  2441 | D:3      | Reached XP level 5. HP: 40/40 MP: 8/8
  2648 | D:3      | Found a blossoming altar of Fedhas.
  2716 | D:4      | Noticed a slave
  2716 | D:4      | Noticed a slave
  2726 | D:4      | Noticed a slave
  2739 | D:3      | Killed a slave
  2910 | D:4      | Noticed an ogre
  2928 | D:3      | Slain by an iguana

Skill      XL: |  1  2  3  4 |
---------------+-------------+-----
Unarmed Combat | 4 5 |  5.0
Transmutations | 3 |  3.3
Fighting       | |  1.1
Dodging        | |  1.7
Spellcasting   | |  2.0

Action                   |  1- 3 |  4- 6 || total
-------------------------+-------+-------++-------
Melee: Unarmed           |   150 |    96 ||   246
       Tailslap          |     9 |    12 ||    21
       Headbutt          |     1 |    12 ||    13
       Kick              |       |     2 ||     2
       Punch             |       |     3 ||     3
 Cast: Beastly Appendage |     1 |     6 ||     7
  Use: Potion            |       |     2 ||     2
  Eat: Chunk             |     3 |     3 ||     6
Armor: Skin              |    55 |    26 ||    81
Dodge: Dodged            |   105 |    50 ||   155
